 Dungeon Crawl Stone Soup version 0.31.0-32-g396128a36d (webtiles) character file.

Game seed: 14675074895399929660

707 community the Digger (level 7, -3/60 HPs)
             Began as a Purple Draconian Earth Elementalist on Mar 23, 2024.
             Was an Initiate of Vehumet.
             Slain by Edmund the hornet (9 damage)
             ... on level 7 of the Dungeon.
             The game lasted 00:06:08 (4623 turns).

community the Digger (DrEE)                         Turns: 4623, Time: 00:06:09

Health: -3/60      AC:  9    Str: 10    XL:     7   Next: 39%
Magic:  3/13       EV: 12    Int: 17    God:    Vehumet [......]
Gold:   325        SH:  0    Dex: 12    Spells: 7/14 levels left

rFire   . . .        b - +2 dagger (venom)
rCold   . . .        (no shield)
rNeg    . . .        (body armour unavailable)
rPois   .            (helmet restricted)
rElec   .            (no cloak)
rCorr   .            (no gloves)
SInv    .            k - +2 pair of boots
Will    +....        (no amulet)
Stlth   ++           (no ring)
HPRegen 0.30/turn    (no ring)
MPRegen 0.13/turn

%: no passive effects
@: slowed, very slow
A: breathe power, AC +6, unfitting armour, cold-blooded
a: Breathe Dispelling Energy, Renounce Religion


You were on level 7 of the Dungeon.
You worshipped Vehumet.
Vehumet was noncommittal.
You visited 2 branches of the dungeon, and saw 8 of its levels.

You collected 325 gold pieces.

Inventory:

Hand Weapons
 b - a +2 dagger of venom (weapon)
 f - a +0 short sword
Armour
 k - a +2 pair of boots (worn)
Magical Staves
 a - a staff of alchemy
 p - a staff of cold
Jewellery
 g - a ring of fire
Wands
 c - a wand of polymorph (7)
 v - a wand of flame (18)
Scrolls
 h - a scroll of vulnerability {unknown}
 j - 3 scrolls of immolation {unknown}
 l - 3 scrolls of teleportation {unknown}
 m - 4 scrolls of noise {unknown}
 q - 2 scrolls of revelation {unknown}
 r - a scroll of poison {unknown}
 x - a scroll of identify
Potions
 d - 2 potions of magic
 e - 4 potions of curing
 i - a potion of might
 n - a potion of haste {unknown}
 o - a potion of lignification {unknown}
 s - a potion of mutation {unknown}
 t - a potion of degeneration {unknown}
 u - 3 potions of resistance {unknown}
 w - a potion of attraction {unknown}


   Skills:
 * Level 4.5 Fighting
 - Level 1.7 Dodging
 - Level 1.7 Stealth
 + Level 4.2 Spellcasting
 * Level 4.3 Conjurations
 * Level 5.1 Earth Magic


You had 7 spell levels left.
You knew the following spells:

 Your Spells              Type           Power      Damage    Failure   Level
a - Sandblast             Erth           42%        2d11      1%          1
b - Stone Arrow           Conj/Erth      38%        3d9       7%          3
c - Passwall              Erth           21%        N/A       5%          3

Your spell library contained the following spells:

 Spells                   Type           Power      Damage    Failure   Level
 Brom's Barrelling Bould  Conj/Erth      19%        2d4       22%         4
 Petrify                  Alch/Erth      12%        N/A       47%         4


Dungeon Overview and Level Annotations

Branches:
Dungeon (7/15)             Temple (1/1) D:4

Altars:
Cheibriados
Dithmenos
Elyvilon
Fedhas
Gozag
Hepliaklqana
Kikubaaqudgha
Nemelex Xobeh
Okawaru
Qazlal
Ru
Sif Muna
Trog
Uskayaw
Vehumet
Wu Jian
Xom
Yredelemnul
The Shining One

Annotations:
D:4 1 runed translucent door, Crazy Yiuf
D:5 Menkaure
D:7 Edmund


Innate Abilities, Weirdness & Mutations

You can breathe bolts of dispelling energy.
Your rich purple scales are hard. (AC +6)
You cannot fit into any form of body armour.
You are cold-blooded and may be slowed by cold attacks.


Message History

Confirm with . or Enter, or press ? or * to list all spells.
Aiming: Stone Arrow (dangerous; 7% risk of failure)
Press: ? - help, Shift-Dir - straight line, f/p - Edmund
Aim: Edmund, wielding a +0 dire flail of protection and wearing a +0 ring mail (lightly wounded, 72% to hit)
The stone arrow hits Edmund!
Edmund is moderately wounded.
You have got your breath back.
Edmund hits you with a +0 dire flail of protection.
Casting: Stone Arrow (dangerous; 7% risk of failure)
Confirm with . or Enter, or press ? or * to list all spells.
Aiming: Stone Arrow (dangerous; 7% risk of failure)
Press: ? - help, Shift-Dir - straight line, f/p - Edmund
Aim: Edmund, wielding a +0 dire flail of protection and wearing a +0 ring mail (moderately wounded, 72% to hit)
The stone arrow misses Edmund.
Edmund hits you with a +0 dire flail of protection.
Aiming: Polymorph
Press: ? - help, Shift-Dir - straight line, f/p - Edmund
Aim: Edmund, wielding a +0 dire flail of protection and wearing a +0 ring mail (moderately wounded, will become a brain worm, a hornet, or a swamp drake, chance to affect: 49%) Edmund resists with some effort.
Edmund hits you with a +0 dire flail of protection.
Aiming: Polymorph
Press: ? - help, Shift-Dir - straight line, f/p - Edmund
Aim: Edmund, wielding a +0 dire flail of protection and wearing a +0 ring mail (moderately wounded, will become a brain worm, a hornet, or a swamp drake, chance to affect: 49%) Edmund resists with some effort.
Edmund misses you.
Aiming: Polymorph
Press: ? - help, Shift-Dir - straight line, f/p - Edmund
Aim: Edmund, wielding a +0 dire flail of protection and wearing a +0 ring mail (moderately wounded, will become a brain worm, a hornet, or a swamp drake, chance to affect: 49%) Edmund evaporates and reforms as a hornet!
Edmund stings you!
* * * LOW HITPOINT WARNING * * *
You feel yourself slow down.
Okay, then.
Aiming: Polymorph
Press: ? - help, Shift-Dir - straight line, f/p - Edmund
Aim: Edmund the hornet (moderately wounded, will become a fire bat, a swamp drake, or a steam dragon, chance to affect: 39%) Edmund resists with some effort.
Edmund stings you!
* * * LOW HITPOINT WARNING * * *
You feel as though you will be slow longer.
Edmund stings you!
You die...

### #@#
#..y......
...........
##..........
##.........
##>.......
##.......
.......


You could see Edmund the hornet.

Vanquished Creatures
  A fire bat (D:5)
  A phantom (D:4)
  2 scorpions (D:4)
  An orc priest (D:5)
  Ijyb (D:4)
  Natasha (thrice) (D:2)
  3 orc wizards
  7 adders
  2 dart slugs (D:2)
  2 ribbon worms
  9 orcs
  7 endoplasms
  4 giant cockroaches
  4 goblins
  4 hobgoblins
  4 jackals
  8 quokkas
  7 ball pythons
  5 bats
  5 frilled lizards
  6 kobolds
  4 rats
90 creatures vanquished.

Vanquished Creatures (others)
  An orc wizard (D:5)
1 creature vanquished.

Grand Total: 91 creatures vanquished

Notes
Turn   | Place    | Note
-------+----------+-------------------------------------------
     0 | D:1      | community the Draconian Earth Elementalist began the quest
                  | for the Orb.
     0 | D:1      | Reached XP level 1. HP: 14/14 MP: 3/3
   293 | D:1      | Reached XP level 2. HP: 22/22 MP: 3/5
   407 | D:1      | Found a faded altar of an unknown god.
   409 | D:1      | Reached skill level 1 in Fighting
   860 | D:2      | Noticed Natasha
   867 | D:1      | Reached XP level 3. HP: 28/28 MP: 1/6
  1084 | D:2      | Killed Natasha
  1125 | D:2      | Reached XP level 4. HP: 35/36 MP: 4/7
  1392 | D:2      | Noticed Natasha
  1398 | D:2      | Killed Natasha
  1504 | D:2      | Noticed Natasha
  1515 | D:2      | Killed Natasha
  1659 | D:2      | Reached XP level 5. HP: 42/42 MP: 3/8
  2081 | D:3      | Found a bloodstained altar of Trog.
  2112 | D:3      | Learned a level 3 spell: Stone Arrow
  2116 | D:3      | Learned a level 3 spell: Passwall
  2334 | D:3      | Reached skill level 4 in Earth Magic
  2684 | D:4      | Noticed a phantom
  2692 | D:4      | Killed a phantom
  2776 | D:4      | Reached XP level 6. HP: 45/51 MP: 5/10
  2884 | D:4      | Found a staircase to the Ecumenical Temple.
  2896 | Temple   | Entered the Ecumenical Temple
  2923 | Temple   | Became a worshipper of Vehumet
  3217 | D:4      | Found a runed translucent door.
  3218 | D:4      | Noticed Crazy Yiuf
  3411 | D:4      | Noticed Ijyb
  3424 | D:4      | Killed Ijyb
  3613 | D:4      | Found an iron altar of Okawaru.
  3883 | D:5      | Entered Level 5 of the Dungeon
  3949 | D:5      | Noticed Edmund
  4069 | D:5      | Found a sparkling altar of Nemelex Xobeh.
  4109 | D:5      | Found a shimmering blue altar of Sif Muna.
  4320 | D:5      | Found a shimmering altar of Xom.
  4320 | D:5      | Noticed a fire bat
  4339 | D:4      | Your scales start taking on a rich purple colour.
  4339 | D:4      | Reached XP level 7. HP: 57/59 MP: 2/13
  4427 | D:5      | Killed a fire bat
  4428 | D:5      | Reached skill level 5 in Earth Magic
  4579 | D:5      | Noticed Menkaure
  4622 | D:7      | Edmund changed into Edmund the hornet
  4622 | D:7      | Noticed Edmund
  4623 | D:7      | Slain by Edmund the hornet

Illustrated notes

Levels and vault maps discovered:
D:1:      wander_arrival_estate, layout_loops_ring,
          ebering_ecumenical_altar_sacrificial
D:2:      layout_rooms, minmay_tall_x, uniq_natasha
D:3:      cheibrodos_helix_gallery, layout_basic,
          mainiacjoe_overflow_tiny_flanked, hex_medium, dk_noncrumbling_4
D:4:      layout_loops_cross, mainiacjoe_overflow_brackets,
          minmay_temple_entry_waves, uniq_crazy_yiuf_cottage, uniq_ijyb
D:5:      kennysheep_steamy, layout_loops_ring, mainiacjoe_overflow_alcove_1,
          regret_index_xom_of_box, nemelex_spade_bored_becter, led_sif_book,
          nicolae_goblin_pals, uniq_menkaure, uniq_edmund
D:6:      layout_cave_pools, uniq_jeremiah, uniq_blork_the_orc
D:7:      layout_cave_pools, minmay_ruffians
Temple:   dpeg_chambers_temple

Skill      XL: |  1  2  3  4  5  6  7 |
---------------+----------------------+-----
Fighting       | 1 2 3 4 |  4.5
Conjurations   | 2 3 4 |  4.3
Earth Magic    | 4 5 |  5.1
Spellcasting   | 4 |  4.2
Dodging        | |  1.7
Stealth        | |  1.7

Action                     |  1- 3 |  4- 6 |  7- 9 || total
---------------------------+-------+-------+-------++-------
  Melee: Short sword       |     1 |       |       ||     1
         Staff             |     2 |       |       ||     2
         Dagger            |       |    35 |       ||    35
         Tailslap          |       |     5 |       ||     5
   Cast: Sandblast         |    53 |    96 |       ||   149
         Stone Arrow       |       |     8 |     7 ||    15
Ability: Breathe Dispellin |       |       |     3 ||     3
  Evoke: Wand              |       |       |     4 ||     4
    Use: Scroll            |       |     2 |       ||     2
 Armour: Skin              |    27 |    60 |    16 ||   103
  Dodge: Dodged            |    23 |    62 |     5 ||    90
